 Dungeon Crawl Stone Soup version 0.27.0-1-g7a089689b8 (webtiles) character file.

Game seed: 3989944926612928566

3458 nicksoapdish the Unseen (level 10, -3/60 HPs)
             Began as an Octopode Brigand on Aug 1, 2021.
             Was an Initiate of Dithmenos.
             Killed by divine providence
             ... invoked by an orc priest
              (16 damage)
             ... on level 8 of the Dungeon.
             The game lasted 00:39:18 (10245 turns).

nicksoapdish the Unseen (Octopode Brigand)         Turns: 10245, Time: 00:39:19

Health: -3/60      AC:  1    Str: 12    XL:     10   Next: 6%
Magic:  13/13      EV: 16    Int: 13    God:    Dithmenos [......]
Gold:   154        SH:  5    Dex: 14    Spells: 10/14 levels left

rFire    . . .     SeeInvis +   a - +2 dagger (venom)
rCold    . . .     Faith    .   (no shield)
rNeg     . . .     Spirit   .   (helmet restricted)
rPois    .         Reflect  +   k - amulet of reflection
rElec    .         Harm     .   n - ring of see invisible
rCorr    .         Rampage  .   (no ring)
Will     .....                  (no ring)
Stlth    +++++++...             (no ring)
HPRegen  0.20/turn              (no ring)
MPRegen  0.13/turn              (no ring)
                                (no ring)
                                (no ring)

@: mighty
A: almost no armour, amphibious, 8 rings, camouflage 1, gelatinous body 1,
(nimble swimmer 1), tentacles, tentacle spike 1, clumsy 1
a: Renounce Religion


You were on level 8 of the Dungeon.
You worshipped Dithmenos.
Dithmenos was noncommittal.
You visited 2 branches of the dungeon, and saw 9 of its levels.

You collected 379 gold pieces.
You spent 225 gold pieces at shops.

Inventory:

Hand Weapons
 a - a +2 dagger of venom (weapon)
 d - a +0 short sword
 e - a +0 short sword of speed
 j - a +1 dagger of speed
 m - a +2 dagger
Missiles
 b - 24 poisoned darts (quivered)
 c - 2 curare-tipped darts
 p - 2 throwing nets
Jewellery
 k - an amulet of reflection (around mantle)
 n - a ring of see invisible (left tentacle)
Wands
 h - a wand of flame (8)
Scrolls
 i - 2 scrolls of teleportation
 r - a scroll of amnesia
Potions
 f - 5 potions of curing
 g - 2 potions of attraction
 l - a potion of flight
 o - a potion of might


   Skills:
 - Level 2.2 Fighting
 - Level 2.3 Short Blades
 - Level 2.4 Throwing
 * Level 6.6 Dodging
 * Level 15.3 Stealth
 - Level 0.7 Shields
 * Level 2.5 Spellcasting
 * Level 2.8 Translocations
 + Level 0.8 Transmutations
 + Level 0.6 Earth Magic
 + Level 1.8 Evocations


You had 10 spell levels left.
You knew the following spells:

 Your Spells              Type           Power      Damage    Failure   Level
a - Passwall              Tmut/Erth      2%         N/A       26%         2
b - Blink                 Tloc           N/A        N/A       12%         2

Your spell library contained the following spells:

 Spells                   Type           Power      Damage    Failure   Level
 Sandblast                Erth           6%         2d5       19%         1
 Lesser Beckoning         Tloc           4%         N/A       22%         3
 Slow                     Hex            1%         N/A       36%         2
 Confusing Touch          Hex            1%         N/A       58%         3
 Vampiric Draining        Necr           0%         2d6       58%         3
 Manifold Assault         Tloc           9%         N/A       91%         5
 Alistair's Intoxication  Tmut/Pois      1%         N/A       99%         5
 Borgnjor's Vile Clutch   Necr/Erth      1%         N/A       99%         5
 Lee's Rapid Deconstruct  Erth           1%         3d5*      99%         5
 Eringya's Noxious Bog    Tmut/Pois      1%         N/A       100%        6


Dungeon Overview and Level Annotations

Branches:
Dungeon (8/15)             Temple (1/1) D:7            Lair (0/6) D:8

Altars:
Ashenzari
Cheibriados
Dithmenos
Fedhas
Gozag
Kikubaaqudgha
Nemelex Xobeh
Okawaru
Qazlal
Ru
Trog
Uskayaw
Wu Jian
Xom
Yredelemnul
Zin

Shops:
D:7 *=(=

Annotations:
D:8 jejorda2's ghost, novice TrAK


Innate Abilities, Weirdness & Mutations

You cannot wear most types of armour.
You are amphibious.
You can wear up to eight rings at the same time.
Your skin changes colour to match your surroundings (Stealth+).
Your rubbery body absorbs attacks. (AC +1, EV +1)
((You are camouflaged near water. (Stealth+)))
You have tentacles for arms and can constrict up to eight enemies at once.
One of your tentacles bears a spike.
You are clumsy. (Dex -2)


Message History

You hear a shout!
An orc wizard comes into view. It is wielding a +0 dagger.
A warg comes into view.
The orc priest invokes the aid of Beogh against you.
Beogh smites you!
The orc shouts!
You hear a shout!
You barely miss the warg.
Your tentacle spike misses the warg.
You squeeze the warg!
The warg is heavily wounded.
The warg bites you!!
You hit the warg.
You pierce the warg.
The warg is severely wounded.
The warg bites you.
You closely miss the warg.
You pierce the warg!
You kill the warg!
Dithmenos accepts your kill.
You closely miss the orc. Your grab misses the orc.
Your tentacle spike misses the orc.
Your squeeze misses the orc. The orc hits you but does no damage.
You barely miss the orc. You grab the orc.
You pierce the orc.
You squeeze the orc.
The orc is severely wounded.
You constrict the orc.
You kill the orc!
Dithmenos accepts your kill.
You puncture the orc warrior!
The orc warrior is poisoned.
Your grab misses the orc warrior. Your squeeze misses the orc warrior.
The orc warrior is moderately wounded.
You closely miss the orc warrior. You grab the orc warrior.
The orc warrior is moderately wounded.
You constrict the orc warrior, but do no damage.
The orc warrior escapes!
The orc warrior misses you. You block the orc warrior's attack.
The orc barely misses you.
You see here a necrophage corpse.
The orc warrior hits you from afar with a +0 trident!
* * * LOW HITPOINT WARNING * * *
The orc priest invokes the aid of Beogh against you.
Beogh smites you!
You die...

.............# #...oo....
#............###.#...Ph.h
##.#........###..##......
###.........###)####..=.
............#...o.......
..............o.#....#...
..............o##...## .
....................#
................@##.#
.................# ..
....................
................. !..
...##.....#...#... ...
..........##... ..
..###....### #... #..#
...#


You could see a warg (wandering), an orc warrior (very poisoned), an orc priest
and an orc.

Vanquished Creatures
  A kobold demonologist (D:8)
  2 steam dragons
  A warg (D:8)
  A water moccasin (D:6)
  An ice beast (D:7)
  A black bear (D:6)
  3 necrophages
  2 orc warriors
  2 centaurs
  4 ogres
  2 phantoms (D:5)
  A kobold brigand (D:6)
  3 bullfrogs
  A gnoll sergeant (D:8)
  A water moccasin zombie (D:6)
  3 water moccasin skeletons
  3 howler monkeys
  A centaur zombie (D:6)
  A bullfrog zombie (D:6)
  3 hounds
  Crazy Yiuf (D:7)
  2 jellies
  2 gnoll shamans (D:7)
  2 iguanas
  3 orc wizards
  2 hound zombies (D:5)
  A howler monkey zombie (D:7)
  16 gnolls
  6 adders
  2 shadow imps
  A white imp (D:7)
  An ufetubus (D:6)
  2 worms (D:2)
  5 dart slugs
  12 orcs
  5 endoplasms
  6 giant cockroaches
  4 goblins
  4 hobgoblins
  24 jackals
  A quokka (D:2)
  8 ball pythons
  4 frilled lizards
  8 kobolds
  6 rats
165 creatures vanquished.

Vanquished Creatures (others)
  An orc priest (D:7)
  2 fungi (D:1)
  A plant (D:1)
4 creatures vanquished.

Grand Total: 169 creatures vanquished

Notes
Turn   | Place    | Note
-------+----------+-------------------------------------------
     0 | D:1      | nicksoapdish the Octopode Brigand began the quest for the
                  | Orb.
     0 | D:1      | Reached XP level 1. HP: 14/14 MP: 1/1
   209 | D:1      | Reached XP level 2. HP: 13/19 MP: 2/2
   608 | D:1      | Reached skill level 6 in Stealth
   649 | D:1      | Reached XP level 3. HP: 24/24 MP: 3/3
   826 | D:1      | Found a faded altar of an unknown god.
   829 | D:1      | Got Plato's Incunabulum of Stones
  1488 | D:2      | Reached XP level 4. HP: 29/29 MP: 4/4
  2152 | D:3      | Reached skill level 7 in Stealth
  2270 | D:3      | Learned a level 2 spell: Passwall
  2802 | D:3      | Reached XP level 5. HP: 34/34 MP: 5/5
  3309 | D:4      | Noticed a phantom
  3310 | D:4      | Found an iron altar of Okawaru.
  3786 | D:4      | Reached skill level 8 in Stealth
  3886 | D:5      | Entered Level 5 of the Dungeon
  3965 | D:5      | Noticed a necrophage
  3975 | D:5      | Killed a necrophage
  3976 | D:5      | Reached skill level 9 in Stealth
  3976 | D:5      | Reached XP level 6. HP: 37/39 MP: 6/6
  4196 | D:5      | Reached skill level 10 in Stealth
  4196 | D:5      | Reached XP level 7. HP: 45/45 MP: 7/7
  4197 | D:5      | Found a shimmering altar of Xom.
  4197 | D:5      | Found a shimmering altar of Xom.
  4198 | D:5      | Found a shimmering altar of Xom.
  4201 | D:5      | Found a shimmering altar of Xom.
  4331 | D:5      | Found a sacrificial altar of Ru.
  4342 | D:5      | Learned a level 2 spell: Blink
  4372 | D:5      | Reached skill level 11 in Stealth
  4560 | D:6      | Noticed a steam dragon
  4562 | D:6      | Reached skill level 12 in Stealth
  4562 | D:6      | Reached XP level 8. HP: 50/50 MP: 8/8
  4625 | D:6      | Reached skill level 1 in Evocations
  5264 | D:6      | Reached skill level 13 in Stealth
  5264 | D:6      | Reached skill level 1 in Translocations
  5445 | D:6      | Reached skill level 1 in Spellcasting
  5637 | D:6      | Found an opulent altar of Gozag.
  6141 | D:6      | Reached XP level 9. HP: 14/54 MP: 11/11
  6382 | D:6      | Found a shadowy altar of Dithmenos.
  6387 | D:6      | Became a worshipper of Dithmenos the Shadowed
  6589 | D:7      | Found Ysmilosu's Jewellery Shop.
  6596 | D:7      | Bought a ring of see invisible for 225 gold pieces
  6735 | D:7      | Reached skill level 14 in Stealth
  6789 | D:7      | Gained mutation: You tend to lose your temper in combat.
                  | [potion of mutation]
  6854 | D:7      | HP: 2/54 [steam dragon] (11)]
  7241 | D:7      | Found Xunem's Weapon Emporium.
  7257 | D:7      | Reached skill level 5 in Dodging
  7651 | D:7      | Found Geydom's Jewellery Boutique.
  7870 | D:7      | Found Relonuit's Assorted Antiques.
  7957 | D:7      | Found a staircase to the Ecumenical Temple.
  7968 | Temple   | Entered the Ecumenical Temple
  8149 | D:7      | Found a runed translucent door.
  8150 | D:7      | Noticed Crazy Yiuf
  8169 | D:7      | Killed Crazy Yiuf
  8172 | D:7      | Lost mutation: You tend to lose your temper in combat.
                  | [potion of mutation]
  8172 | D:7      | Gained mutation: One of your tentacles bears a spike.
                  | [potion of mutation]
  8172 | D:7      | Gained mutation: You are clumsy. (Dex -2) [potion of
                  | mutation]
  8338 | D:7      | Identified the +9 mace of the End of Times {drain, rF+
                  | Will++}
  8675 | D:8      | HP: 2/54 [centaur/arrow (14)]
  9197 | D:8      | Noticed a kobold demonologist
  9199 | D:8      | Noticed an orange demon
  9204 | D:8      | Noticed a smoke demon
  9307 | D:8      | Killed a kobold demonologist
  9308 | D:8      | Reached skill level 15 in Stealth
  9477 | D:8      | Noticed jejorda2's ghost (novice TrAK)
  9478 | D:8      | Found a bloodstained altar of Trog.
 10058 | D:8      | Found a blossoming altar of Fedhas.
 10140 | D:8      | Reached XP level 10. HP: 49/60 MP: 13/13
 10228 | D:8      | Found a staircase to the Lair.
 10245 | D:8      | Killed from afar by an orc priest

Illustrated notes

Levels and vault maps discovered:
D:1:      shiori_arrival_elements, layout_rooms,
          shapermc_ecumenical_altar_rom_forum
D:2:      layout_basic
D:3:      layout_loops_ring
D:4:      layout_loops_ring, okawaru_metal_pillars_1_2,
          nicolae_shop_firing_range
D:5:      layout_basic, xom_redecorated, mainiacjoe_overflow_small_starburst
D:6:      layout_cave_pools, mainiacjoe_overflow_alcove_1, kennysheep_mini,
          serial_glass, glass_columns_a, glass_columns_a, feat_on_display,
          minmay_strange_pillars, due_unseen_surprise
D:7:      layout_loops_cross, minmay_temple_entry_statues, serial_shops, shop,
          shop, nicolae_diamond_shop, shop, uniq_crazy_yiuf_cottage
D:8:      layout_cave_pools, tso_oasis_becter, mainiacjoe_overflow_24_doors,
          erik_lair_orcish_takeover, gammafunk_ghost_wrathful_warriors,
          hangedman_abyss_or_decor_passed
Temple:   eino_temple_lava

Skill      XL: |  1  2  3  4  5  6  7  8  9 |
---------------+----------------------------+-----
Stealth        | 6 7 9 10 12 13 15 | 15.3
Dodging        | 2 3 4 6 |  6.6
Evocations     | 1 |  1.8
Translocations | 1 2 |  2.8
Spellcasting   | 1 2 |  2.5
Fighting       | |  2.2
Short Blades   | |  2.3
Throwing       | |  2.4
Shields        | |  0.7
Transmutations | |  0.8
Earth Magic    | |  0.6

Action                   |  1- 3 |  4- 6 |  7- 9 | 10-12 || total
-------------------------+-------+-------+-------+-------++-------
Melee: Dagger            |    60 |   116 |   224 |     9 ||   409
       Constrict         |    15 |    21 |    43 |     3 ||    82
       Tentacles         |     5 |    18 |    54 |     2 ||    79
       Kick              |       |       |    27 |     4 ||    31
Throw: Dart              |    35 |    15 |    46 |       ||    96
 Cast: Passwall          |       |       |     2 |       ||     2
Evoke: Wand              |       |     5 |     6 |       ||    11
  Use: Scroll            |     3 |     5 |     7 |       ||    15
       Potion            |     2 |       |     2 |     1 ||     5
 Stab: Sleeping          |     6 |    19 |    15 |       ||    40
       Distracted        |       |       |     1 |       ||     1
Armor: Skin              |     4 |     6 |     7 |     1 ||    18
Dodge: Dodged            |    30 |    45 |   155 |     4 ||   234
Block: Other             |       |       |    40 |     1 ||    41
       Reflection        |       |       |     1 |       ||     1
